AoeStats
← 天策上将李世民

Arabia

510271111Analyzed
2v2 RM · 2d ago on Sep 30, 2026· 28m 58s· 4 players
Game mode
Random Map
Map size
Medium (4 player)
Population
200
Speed
Normal
Resources
Standard
Victory
Conquest
Starting age
Dark Age
Ending age
Imperial Age
RankedLock teamsTeams togetherTeam positionsShared explorationLock speedFull tech treeHidden civsTurbo modeCheats
Victory
Defeat
🇩🇪 Franks · Germany
968
+17
🇳🇴 Ethiopians · Norway
965
+17
🇨🇳 Danes · China
1025
-18
🇨🇳 Franks · China
955
-16
Joakim
5:04 Loom
9:03 Feudal Age
13:13 Fletching
20:08 Double-Bit Axe
25:27 Castle Age
24:25 Padded Archer Armor
26:08 Bodkin Arrow
25:34 Crossbowman
26:20 Thumb Ring
MrNoname
9:59 Feudal Age
10:20 Loom
10:29 Loom
11:35 Double-Bit Axe
29:56 Castle Age
天策上将李世民
10:59 Feudal Age
11:59 Double-Bit Axe
15:01 Castle Age
14:09 Forging
13:59 Scale Mail Armor
15:33 Arson
16:13 Loom
洪武大帝朱元璋
11:15 Feudal Age
14:15 Loom
14:21 Loom
16:11 Wheelbarrow
16:10 Town Watch
28:35 Fletching
29:29 Padded Archer Armor
Connection lost

Rejoining the realm…

Still unreachable

The connection could not be restored.

Session expired

The server has moved on; the page needs a fresh start.